AoeStats
← FC_M@sTer

Arabia

506572860Analyzed
1v1 RM · 19d ago on Sep 14, 2026· 32m 16s· 2 players
Game mode
Random Map
Map size
Tiny (2 player)
Population
200
Speed
Normal
Resources
Standard
Victory
Conquest
Starting age
Dark Age
Ending age
Imperial Age
RankedLock teamsTeams togetherTeam positionsShared explorationLock speedFull tech treeHidden civsTurbo modeCheats
Victory
Defeat
🇨🇴 Persians · Colombia
1524
+13
🇲🇽 Aztecs · Mexico
1453
-13
FC_M@sTer
5:29 Loom
17:38 Feudal Age
19:07 Wheelbarrow
19:10 Double-Bit Axe
19:39 Horse Collar
20:28 Town Watch
27:32 Castle Age
Philippvs II
4:32 Loom
24:54 Feudal Age
24:55 Man-at-Arms
Connection lost

Rejoining the realm…

Still unreachable

The connection could not be restored.

Session expired

The server has moved on; the page needs a fresh start.